 Seeded DCSS version 0.30-a0-847-g17996783a1 (webtiles) character file.

Game seed: 4290115023798346970 (custom seed)

519246 demibob the Slayer (level 27, -2/129 (135) HPs)
             Began as a Kobold Brigand on Mar 3, 2023.
             Was an Initiate of Gozag.
             Slain by a war gargoyle
             ... wielding a +5 flail of venom
              (25 damage)
             ... while paralysed by a dread lich
             ... on level 5 of the Vaults.
             The game lasted 01:54:44 (66693 turns).

demibob the Slayer (Kobold Brigand)                Turns: 66693, Time: 01:54:45

HP:   -2/129 (135)  AC: 27    Str: 13      XL:     27
MP:   18/18         EV:  3    Int: 15 (16) God:    Gozag
Gold: 5536          SH:  0    Dex: 24      Spells: 26/26 levels left

rFire   . . .      SeeInvis .    b - +8 Vampire's Tooth {megavamp}
rCold   . . .      Faith    .    i - +0 buckler
rNeg    . . .      Spirit   .    c - +0 steam dragon scales
rPois   +          Reflect  +    L - +2 helmet {Int+3}
rElec   .          Rampage  .    Q - +2 cloak
rCorr   .          Rage     3%   s - +0 pair of fencer's gloves {Riposte Dex+3}
Will    ++...                    U - +0 pair of boots of Fresh the Leaf {rPois}
Stlth   +++++++                  K - amulet of reflection
HPRegen 0.41/turn                j - ring of the Tortoise {AC+8}
MPRegen 0.16/turn                Y - +4 ring of slaying

@: paralysed, lethally poisoned (-2 -> -3), gold aura, studying 3 skills,
lightly drained
A: small, no large weapons, nightstalker 3, [berserk 1], clumsy 1[+1],
[deterioration 2], [frail 3], [low MP 2], [screaming 1], [inability to drink
after injury 1]
}: 2/15 runes: barnacled, gossamer
a: Renounce Religion, Potion Petition, Call Merchant, Bribe Branch


You were on level 5 of the Vaults.
You worshipped Gozag.
Gozag was greatly pleased with you.
You visited 9 branches of the dungeon, and saw 42 of its levels.
You visited the Abyss 4 times.
You also visited: Gauntlet and Wizlab.

You collected 21359 gold pieces.
You spent 3410 gold pieces at shops.
You paid 12413 gold pieces to Gozag.


Innate Abilities, Weirdness & Mutations

You are small and have problems with some larger weapons.
You are completely attuned to the shadows.
[You sometimes lose your temper in combat.]
[You are very clumsy. (Dex -4)]
[Your body often deteriorates upon taking damage.]
[You are extremely frail. (-30% HP)]
[Your magical capacity is very low. (-20% MP)]
[You occasionally shout uncontrollably at your foes.]
[You occasionally lose the ability to drink potions when taking damage.]


   Skills:
 - Level 25.4 Fighting
 - Level 12.1 Short Blades
 - Level 2.1 Throwing
 - Level 16.9 Armour
 + Level 24.4 Dodging
 - Level 12.6 Stealth
 + Level 18.1 Shields
 - Level 7.5 Evocations


You had 26 spell levels left.
You didn't know any spells.
Your spell library contained the following spells:

 Spells                   Type           Power      Damage    Failure   Level
 Beastly Appendage        Tmut           0%         N/A       30%         1
 Foxfire                  Conj/Fire      0%         2x1d4     30%         1
 Magic Dart               Conj           0%         1d3       30%         1
 Necrotise                Necr           0%         1d4       30%         1
 Sandblast                Erth           0%         2d4       30%         1
 Sting                    Tmut/Pois      0%         1d3       30%         1
 Blink                    Tloc           0%         N/A       43%         2
 Cigotuvi's Dreadful Rot  Necr/Pois/Air  0%         N/A       43%         2
 Ensorcelled Hibernation  Hex/Ice        0%         N/A       43%         2
 Lesser Beckoning         Tloc           0%         N/A       43%         2
 Momentum Strike          Conj/Tloc      0%         3d8       43%         2
 Passwall                 Tmut/Erth      0%         N/A       43%         2
 Poisonous Vapours        Pois/Air       0%         N/A       43%         2
 Searing Ray              Conj           0%         2d4       43%         2
 Sublimation of Blood     Necr           0%         N/A       43%         2
 Wereblood                Tmut           0%         N/A       43%         2
 Dazzling Flash           Conj/Hex       0%         N/A       67%         3
 Frozen Ramparts          Ice            0%         1d1       67%         3
 Gell's Gravitas          Tloc           0%         N/A       67%         3
 Hailstorm                Conj/Ice       0%         3d3       67%         3
 Inner Flame              Hex/Fire       0%         N/A       67%         3
 Kindle Blastsparks       Fire/Tloc/Air  0%         2d10      67%         3
 Mephitic Cloud           Conj/Pois/Air  0%         N/A       67%         3
 Ozocubu's Armour         Ice            0%         N/A       67%         3
 Spider Form              Tmut/Pois      0%         N/A       67%         3
 Stone Arrow              Conj/Erth      0%         3d7       67%         3
 Swiftness                Air            0%         N/A       67%         3
 Teleport Other           Tloc           0%         N/A       67%         3
 Vampiric Draining        Necr           0%         2d6       67%         3
 Vhi's Electric Charge    Tloc/Air       0%         N/A       67%         3
 Airstrike                Air            0%         2d(0-16)  97%         4
 Anguish                  Hex/Necr       0%         N/A       97%         4
 Animate Armour           Summ/Erth      0%         N/A       97%         4
 Cause Fear               Hex            0%         N/A       97%         4
 Dispel Undead            Necr           0%         3d6       97%         4
 Fulminant Prism          Conj/Hex       0%         3d5       97%         4
 Ice Form                 Ice/Tmut       0%         N/A       97%         4
 Iskenderun's Mystic Bla  Conj/Tloc      0%         2d3       97%         4
 Leda's Liquefaction      Hex/Erth       0%         N/A       97%         4
 Manifold Assault         Tloc           0%         N/A       97%         4
 Olgreb's Toxic Radiance  Pois           0%         N/A       97%         4
 Passage of Golubria      Tloc           0%         N/A       97%         4
 Summon Ice Beast         Ice/Summ       0%         N/A       97%         4
 Summon Lightning Spire   Summ/Air       0%         N/A       97%         4
 Agony                    Necr           0%         N/A       100%        5
 Alistair's Intoxication  Tmut/Pois      0%         N/A       100%        5
 Arcjolt                  Conj/Air       0%         1d10      100%        5
 Borgnjor's Vile Clutch   Necr/Erth      0%         N/A       100%        5
 Fireball                 Conj/Fire      0%         3d3       100%        5
 Iskenderun's Battlesphe  Conj           0%         2d6       100%        5
 Lee's Rapid Deconstruct  Erth           0%         3d4*      100%        5
 Lightning Bolt           Conj/Air       0%         1d11      100%        5
 Metabolic Englaciation   Hex/Ice        0%         N/A       100%        5
 Silence                  Hex/Air        0%         N/A       100%        5
 Conjure Ball Lightning   Conj/Air       0%         3x3d6     100%        6
 Death Channel            Necr           0%         N/A       100%        6
 Dispersal                Tloc           0%         N/A       100%        6
 Eringya's Noxious Bog    Tmut/Pois      0%         N/A       100%        6
 Iron Shot                Conj/Erth      0%         9d1       100%        6
 Starburst                Conj/Fire      0%         6d3       100%        6
 Dragon Form              Tmut           0%         N/A       100%        7
 Enfeeble                 Hex            0%         N/A       100%        7
 Malign Gateway           Summ/Tloc      0%         N/A       100%        7
 Orb of Destruction       Conj           0%         9d5       100%        7
 Spellforged Servitor     Conj/Summ      0%         N/A       100%        7
 Storm Form               Tmut/Air       0%         N/A       100%        7
 Summon Hydra             Summ           0%         N/A       100%        7
 Discord                  Hex            0%         N/A       100%        8
 Disjunction              Tloc           0%         N/A       100%        8
 Lehudib's Crystal Spear  Conj/Erth      0%         10d2      100%        8
 Maxwell's Capacitive Co  Air            0%         ∞         100%        8
 Necromutation            Tmut/Necr      0%         N/A       100%        8
 Summon Horrible Things   Summ           0%         N/A       100%        8
 Dragon's Call            Summ           0%         N/A       100%        9
 Shatter                  Erth           0%         3d5*      100%        9
 Simulacrum               Ice/Necr       Unusable   N/A       N/A         6

Inventory:

Hand Weapons
 a - a +9 quick blade of electrocution
 b - the +8 Vampire's Tooth (weapon) {megavamp}
   (You acquired it on level 3 of the Shoals)
Missiles
 O - 2 datura-tipped darts (quivered)
Armour
 c - +0 steam dragon scales (worn)
 i - a +0 buckler (worn)
 s - the +0 pair of fencer's gloves (worn) {Riposte Dex+3}
   (You bought it in a shop on level 9 of the Dungeon)

   Riposte:   It allows the wearer to riposte with melee weapons, swiftly
   retaliating against missed or blocked melee attacks.
   Dex:       It affects your dexterity (+3).
 z - the +1 cloak of Starlight {*Dazzle EV+4 Stlth--}
   (You found it on level 2 of the Depths)

   *Dazzle:   It may blind those who miss an attack against the wearer in melee
   combat.
   EV:        It affects your evasion (+4).
   Stlth:     It makes you much less stealthy.
 L - a +2 helmet of intelligence (worn)
 Q - a +2 cloak (worn)
 U - the +0 pair of boots of Fresh the Leaf (worn) {rPois}
   (You bought it in a shop on level 9 of the Dungeon)

   rPois:     It protects you from poison.
Jewellery
 h - the ring "Fisueton" {Fly Will+}
   (You found it on level 3 of the Elven Halls)

   [ring of flight]

   Fly:       It grants you flight.
   Will:      It increases your willpower.
 j - the ring of the Tortoise (left hand) {AC+8}
   (You took it off a deep elf blademaster on level 3 of the Elven Halls)

   [ring of protection]

   AC:        It affects your AC (+8).
 m - the ring "Naaqygut" {rElec rC+ Str+6}
   (You took it off an ogre mage on level 5 of the Vaults)

   [ring of strength]

   Str:       It affects your strength (+6).
   rC:        It protects you from cold.
   rElec:     It insulates you from electricity.
 C - a ring of protection from cold
 F - a ring of protection from fire
 J - the ring of the Tick {rElec rPois MP+9}
   (You took it off a deep elf elementalist on level 3 of the Elven Halls)

   [ring of magical power]

   rElec:     It insulates you from electricity.
   rPois:     It protects you from poison.
   MP:        It affects your magic capacity (+9).
 K - an amulet of reflection (around neck)
 P - a ring of poison resistance
 R - a ring of resist corrosion
 X - the amulet of the Robin {Contam Regen+ Int+3 Dex+4}
   (You found it in a Gauntlet)

   [amulet of regeneration]

   Int:       It affects your intelligence (+3).
   Dex:       It affects your dexterity (+4).
   Contam:    It causes magical contamination when unequipped.
   Regen:     It increases your rate of health regeneration.
 Y - a +4 ring of slaying (right hand)
Wands
 u - a wand of polymorph (16)
 v - a wand of flame (76)
 y - a wand of light (10)
 A - a wand of iceblast (11)
 G - a wand of digging (13)
 V - a wand of mindburst (51)
 Z - a wand of paralysis (29)
Scrolls
 n - 3 scrolls of brand weapon
 o - 3 scrolls of blinking
 p - 6 scrolls of enchant armour
 q - a scroll of fear
 x - 2 scrolls of enchant weapon
 B - a scroll of teleportation {@r2}
 H - 5 scrolls of fog
 N - 28 scrolls of identify {@r1}
 T - a scroll of poison
Potions
 d - a potion of invisibility
 f - a potion of curing {@q1}
 g - 7 potions of resistance
 k - a potion of haste {@q3}
 l - 10 potions of mutation
 r - a potion of cancellation
 D - a potion of magic
 E - 9 potions of flight
 I - a potion of brilliance
Miscellaneous
 e - a piece from Xom's chessboard (15/15)
 t - a phial of floods
 w - a box of beasts
 M - a phantom mirror
 W - a condenser vane (inert)

Dungeon Overview and Level Annotations

Branches:
Dungeon (15/15)            Temple (1/1) D:7            Lair (5/5) D:9
 Shoals (4/4) Lair:3       Spider (4/4) Lair:3        Slime (0/5) Lair:5
    Orc (2/2) D:9             Elf (3/3) Orc:2        Vaults (5/5) D:14
  Crypt (0/3) Vaults:3     Depths (3/4) D:15         WizLab (visited)
Gauntlet (visited)

Altars:
Ashenzari
Dithmenos
Fedhas
Gozag
Hepliaklqana
Kikubaaqudgha
Makhleb
Okawaru
Qazlal
Ru
Sif Muna
Vehumet
Wu Jian
Xom
Yredelemnul
Jiyva

Shops:
D:9 =[==[[*   D:14 =   Orc:1 **   Orc:2 (=?!   Elf:1 ?   Shoals:1 *
Shoals:2 (   Shoals:4 (   Vaults:1 =   Vaults:2 *   Depths:1 !   Depths:3 =

Portals:
Hell: Depths:1 Depths:2 Depths:3
Abyss: Depths:3
Pandemonium: Depths:2
Ziggurat: Depths:1

Annotations:
D:4 1 runed translucent door, thurberlil's ghost, amateur HOHu
D:8 1 runed translucent door
D:9 1 runed translucent door, jimonade's ghost, novice DjWr
Elf:1 exclusions: obsidian statue and orange crystal statue
Elf:2 6 runed translucent doors, loam's ghost, adept DsDe
Elf:3 exclusion: 2 obsidian statues
Depths:3 Parghit

▓▓▓▓▓▓ ▓▓▓▓▓▓▓▓▓ ..
..$..▓▓▓........
.L▓▓'..$)'....'▓▓'.
▓..▓....▓....▓..▓.
.§§▓..▓.).[▓....▓..▓.
.§S§▓▓)s§..'....'▓▓'.
.p1.9.§§.▓▓▓........
'▓▓9▓▓§▓▓'▓ ▓▓'▓▓'▓
....@{§§..▓ .......
...D▓▓§§... ..'▓▓'.
...▓ .▓.... .▓.:▓.
... . .... ▓..▓. ..
.. '▓▓'. .... ▓▓'▓
.... ▓▓'.


You could see a shadow dragon, a Brimstone Fiend (summoned), an anaconda shaped
shifter, a war gargoyle (catching breath) and a vault sentinel (empowered).


Message History

The dread lich flickers and vanishes!
Deactivating autopickup; reactivate with Ctrl-A.
The war gargoyle hits you but does no damage.
The tormentor is engulfed in freezing vapours.
You feel sick. Something touches you!
You feel drained.
The shadow dragon bites you but does no damage.
The shadow dragon claws you!
The shadow dragon claws you but does no damage.
The deep elf high priest is engulfed in freezing vapours.
The deep elf high priest is no longer giving off an aura.
The war gargoyle hits you with a +5 flail of venom.
* * * LOW HITPOINT WARNING * * *
Something touches you!
* * * LOW HITPOINT WARNING * * *
You feel drained.
You feel sick.
The orb spider changes into an anaconda!
The war gargoyle launches metal splinters at you.
The spray of metal splinters hits you!!
* * * LOW HITPOINT WARNING * * *
The shadow dragon bites you but does no damage.
The shadow dragon claws you but does no damage.
The shadow dragon claws you!
* * * LOW HITPOINT WARNING * * *
The deep elf high priest is engulfed in freezing vapours.
You kill the deep elf high priest!
Something touches you but does no damage.
The war gargoyle hits you with a +5 flail of venom!!
You die...
Your body crumbles into a pile of gold.

Skill      XL: |  1  2  3  4  5  6  7  8  9 10 11 12 13 14 15 16 17 18 19 20 21 22 23 24 25 26 27 |
---------------+----------------------------------------------------------------------------------+-----
Short Blades   | 3 4 5 6 8 9 11 12 | 12.1
Dodging        | 2 3 4 7 9 11 13 14 15 17 19 20 22 23 24 | 24.4
Fighting       | 5 8 10 11 13 14 16 18 20 21 22 24 25 | 25.4
Armour         | 1 4 6 8 10 11 13 16 | 16.9
Stealth        | 10 12 | 12.6
Shields        | 3 9 13 16 17 18 | 18.1
Evocations     | 7 |  7.5
Throwing       | |  2.1

Action                     |  1- 3 |  4- 6 |  7- 9 | 10-12 | 13-15 | 16-18 | 19-21 | 22-24 | 25-27 || total
---------------------------+-------+-------+-------+-------+-------+-------+-------+-------+-------++-------
  Melee: Dagger            |    25 |       |       |       |       |       |       |       |       ||    25
         Quick blade       |    27 |   104 |   147 |   710 |  1798 |  2013 |  2101 |  2998 |  1933 || 11831
         Punch             |       |     1 |     3 |     5 |    31 |    48 |    31 |       |       ||   119
 Invoke: Call Merchant     |       |       |       |     1 |     2 |     1 |     2 |     2 |       ||     8
         Potion Petition   |       |       |       |       |     1 |       |     7 |       |     1 ||     9
  Evoke: Wand              |       |       |     1 |       |     8 |     4 |    18 |       |       ||    31
         Condenser vane    |       |       |       |       |       |       |       |     1 |     2 ||     3
    Use: Scroll            |     1 |       |     4 |    19 |    11 |     4 |    14 |    10 |     6 ||    69
         Potion            |       |     1 |       |     4 |    11 |     6 |    20 |    11 |     5 ||    58
   Stab: Sleeping          |    17 |    21 |    23 |    26 |    36 |    79 |    63 |   121 |     5 ||   391
         Distracted        |       |       |       |     7 |    18 |    14 |    22 |    23 |    13 ||    97
         Invisible         |       |       |       |       |    14 |       |     7 |       |       ||    21
         Petrified         |       |       |       |       |       |       |       |     5 |       ||     5
         Petrifying        |       |       |       |       |       |       |       |     1 |       ||     1
         Confused          |       |       |       |       |       |       |       |       |     2 ||     2
 Armour: Robe              |     6 |     8 |     4 |    24 |    39 |       |       |       |       ||    81
         Steam dragon scal |       |       |       |       |    60 |   106 |    84 |   157 |   134 ||   541
  Dodge: Dodged            |    19 |    34 |    33 |   273 |   792 |  1131 |   916 |  1175 |   762 ||  5135
  Block: Other             |       |       |       |    19 |   152 |   184 |   130 |       |       ||   485
         Reflection        |       |       |       |       |     2 |     2 |    16 |    37 |    11 ||    68
         Buckler           |       |       |       |       |       |       |   188 |   905 |   522 ||  1615
Riposte: Quick blade       |       |       |       |       |    14 |   307 |   297 |   488 |   266 ||  1372

Levels and vault maps discovered:
D:1:      kennysheep_arrival_seaside, layout_basic, minmay_gold_behind_fungi,
          wander_ebering_terrifying_dragon_lair
D:2:      layout_rooms, nicolae_ecumenical_snake_handling, uniq_jessica
D:3:      layout_basic, nicolae_elevator_lobby_asterisk, uniq_crazy_yiuf_cottage
D:4:      layout_rooms, ebering_ghost_sewer_d, dreamdust_wishing_well,
          uniq_pikel, uniq_ijyb
D:5:      layout_basic, lightli_temple_of_fire, reono_crystal_passage,
          minmay_manual_mess
D:6:      layout_basic, gammafunk_temple_overflow_elements, uniq_maggie,
          uniq_eustachio, uniq_blork_the_orc
D:7:      layout_basic, mainiacjoe_overflow_six_doors_small,
          minmay_temple_entry_waves, uniq_menkaure
D:8:      layout_basic, ebering_ghost_reflecting_pool
D:9:      layout_long_grid, mainiacjoe_overflow_surrounded_room,
          nicolae_hepliaklqana_hazy_memory, erik_lair_orcish_takeover,
          david_orc_3, ebering_ghost_funeral_grove
D:10:     nzn_winding_woodlands_medium [nzn_winding_woodlands_5x5_cross,
          nzn_winding_woodlands_5x15_parted, nzn_winding_woodlands_5x5_three,
          nzn_winding_woodlands_5x5_checkerboard,
          nzn_winding_woodlands_center_triple_pond,
          nzn_winding_woodlands_5x5_open_star,
          nzn_winding_woodlands_5x5_default, nzn_winding_woodlands_5x15_jagged,
          nzn_winding_woodlands_5x5_perimeter], layout_rooms,
          overflow_temple_1_default
D:11:     layout_basic
D:12:     layout_basic, uniq_maurice
D:13:     layout_roguey
D:14:     layout_loops_ring, grunt_vaults_entry_tiered,
          kennysheep_cluttered_room, minmay_rotating_lava, uniq_kirke
D:15:     gammafunk_depths_entry_grave, layout_loops_corners,
          nicolae_ru_the_path_less_chosen
Temple:   hellmonk_temple_two_chambers
Lair:1:   layout_misc_corridors, cheibrodos_lair_reptile_den
Lair:2:   layout_small_grid, nicolae_lair_grazing_beasts
          [nicolae_sub_lair_graze_edge, nicolae_sub_lair_graze_edge,
          nicolae_sub_lair_graze_edge, nicolae_sub_lair_graze_edge]
Lair:3:   layout_cave_pods, minmay_shoals_entry_beasts, spider_nest_entry_a,
          eino_small_chamber_without_monster
Lair:4:   layout_cave_pods
Lair:5:   minmay_lair_end_enchanted_forest, layout_misc_corridors,
          dpeg_slime_entry_enclosed, portal_ice_cave_entry_ice_simulacra,
          grunt_megastairs_5
Shoals:1: layout_shoals, serial_shops, shop
Shoals:2: cheibrodos_shoals_satyrical_garden, layout_shoals, serial_shops, shop,
          uniq_polyphemus
Shoals:3: layout_shoals, uniq_ilsuiw
Shoals:4: shoals_end_simple, layout_shoals, serial_shops,
          nicolae_shop_statue_plus, uniq_louise
Spider:1: layout_spider_delve, nicolae_spider_nooks_and_crannies
Spider:2: nicolae_spider_brood_tunnel, hellmonk_ghost_happy_afterlife
Spider:3: layout_spider_delve, uniq_donald
Spider:4: hellmonk_spider_rune_endless_swarm, nicolae_spider_scorpion_nest,
          uniq_mara, uniq_arachne, uniq_asterion, uniq_bai_suzhen
Orc:1:    layout_diamond_mine, serial_shops, nicolae_shop_stone,
          nicolae_shop_clearance
Orc:2:    kennysheep_orc_mage_school, layout_caves, gauntlet_entry_generic,
          uniq_urug, uniq_snorg
Elf:1:    elf_arrival_001, layout_rooms, serial_shops,
          nicolae_shop_window_shopping, hangedman_elf_disciples, david_greed
Elf:2:    nicolae_elf_blades_splatter_lattice [grunt_blade_entry_basic],
          layout_loops_cross, gammafunk_ghost_fury_of_okawaru
Elf:3:    minmay_elf_hall_furrowed, layout_loops_ring, mu_enter_wizlab_4,
          guppyfry_elf_altar, uniq_zenata
Vaults:1: nicolae_vaults_little_squares_3, hangedman_vaults_snaps,
          nicolae_vaults_three_branches, dpeg_vaults_monster_row,
          vaults_room_fancy_cross, nicolae_vaults_network_s,
          dpeg_vaults_monster_box, serial_ice_b,
          nicolae_vaults_fighting_squares, grunt_vaults_bifocal,
          layout_vaults_big_room, serial_shops, shop_statue
Vaults:2: nicolae_vaults_windows_and_doors_thing, nicolae_vaults_alarming,
          v_misc_32, nicolae_vaults_gold_heap, vaults_dpeg_cross,
          nicolae_vaults_diagonal_hallway_7, st_squares,
          nicolae_vaults_big_angled_halls, nicolae_vaults_little_squares_3,
          ontoclasm_vaults_bender, nicolae_vaults_network_star,
          nicolae_vaults_rhombus_5, v_misc_4, nicolae_vaults_mini_display_case,
          layout_vaults_omnicross, serial_shops, nicolae_diamond_shop
Vaults:3: nicolae_vaults_little_squares_6, nicolae_vaults_network_barrier,
          vaults_mumra_hexcomb, ontoclasm_vaults_misaligned, v_misc_29,
          layout_vaults_omnigrid
Vaults:4: nicolae_vaults_network_periphery, ontoclasm_vaults_ring_small,
          ontoclasm_vaults_ligature, dpeg_vaults_pockets_of_resistance,
          v_misc_10, hangedman_vaults_variations,
          nicolae_vaults_yaktaur_gun_rack, grunt_vaults_swirl, v_misc_15,
          vaults_room_grid, hangedman_vaults_slice, vaults_room_pools,
          ontoclasm_vaults_gateway, nicolae_vaults_little_squares_2,
          layout_vaults_omnibox
Vaults:5: serial_shops, uniq_mennas
Depths:1: layout_gridlike, enter_ziggurat_e, serial_shops,
          nicolae_shop_advertising_works [nicolae_subvault_shop_adworks],
          chequers_serial_rivers_micro_d, pf_coc_iceberg,
          roderic_three_in_a_row, lemuel_blue_sif_altar
Depths:2: minmay_tearing_corner, layout_cave_shapes, pan_entry, hell_entry,
          marbit_kobold_abyss_entry, infiniplex_staircase_pillars_3a
Depths:3: kennysheep_funnel, layout_gridlike, roderic_lattice_octagonal_star,
          grunt_mini_vestibule, abyss_entry, serial_shops,
          nicolae_shop_behind_doors, minmay_staircase_windowed_small,
          uniq_parghit, uniq_xtahua

Notes
Turn   | Place    | Note
-------+----------+-------------------------------------------
     0 | D:1      | demibob the Kobold Brigand began the quest for the Orb.
     0 | D:1      | Reached XP level 1. HP: 12/12 MP: 1/1
    46 | D:1      | Reached skill level 3 in Short Blades
   191 | D:1      | Reached XP level 2. HP: 17/17 MP: 2/2
   349 | D:1      | Reached skill level 4 in Short Blades
   441 | D:1      | Identified a scroll of acquirement
   441 | D:1      | Acquired a +3 quick blade of electrocution
   662 | D:1      | Reached XP level 3. HP: 21/21 MP: 3/3
  1459 | D:2      | Reached skill level 2 in Dodging
  1459 | D:2      | Reached XP level 4. HP: 23/26 MP: 4/4
  1472 | D:2      | Reached skill level 5 in Short Blades
  1479 | D:2      | Found a faded altar of an unknown god.
  1582 | D:2      | Reached skill level 3 in Dodging
  1592 | D:2      | Reached XP level 5. HP: 30/30 MP: 5/5
  1757 | D:2      | Noticed Jessica
  1761 | D:2      | Killed Jessica
  1809 | D:3      | Identified the ring "Tiq Aqud" {*Slow rC+ Int+7 Dex-3 SInv}
  2369 | D:4      | Reached skill level 6 in Short Blades
  2369 | D:4      | Reached skill level 4 in Dodging
  2369 | D:4      | Reached XP level 6. HP: 35/35 MP: 6/6
  2399 | D:4      | Noticed a black bear
  2404 | D:4      | Killed a black bear
  2406 | D:4      | Found a runed translucent door.
  2514 | D:4      | Noticed Pikel
  2540 | D:4      | Killed Pikel
  2541 | D:4      | Reached skill level 8 in Short Blades
  2541 | D:4      | Reached skill level 7 in Dodging
  2541 | D:4      | Reached XP level 7. HP: 36/40 MP: 7/7
  2541 | D:4      | Reached XP level 8. HP: 40/44 MP: 8/8
  2669 | D:4      | Noticed Ijyb
  2685 | D:4      | Killed Ijyb
  2867 | D:4      | Reached skill level 3 in Fighting
  2867 | D:4      | Reached skill level 8 in Dodging
  3143 | D:4      | Noticed thurberlil's ghost (amateur HOHu)
  3167 | D:5      | Entered Level 5 of the Dungeon
  3265 | D:5      | Noticed a two-headed ogre
  3283 | D:5      | Killed a two-headed ogre
  3284 | D:5      | Reached skill level 5 in Fighting
  3284 | D:5      | Reached skill level 9 in Dodging
  3284 | D:5      | Reached XP level 9. HP: 36/55 MP: 9/9
  3373 | D:5      | Reached skill level 6 in Fighting
  3404 | D:5      | Reached skill level 10 in Dodging
  3710 | D:5      | Found a burning altar of Makhleb.
  3743 | D:5      | Reached skill level 7 in Fighting
  4311 | D:6      | Noticed Eustachio
  4315 | D:6      | Killed Eustachio
  4338 | D:6      | Reached skill level 11 in Dodging
  4413 | D:6      | Noticed Maggie
  4417 | D:6      | Killed Maggie
  4418 | D:6      | Reached skill level 8 in Fighting
  4418 | D:6      | Reached XP level 10. HP: 64/64 MP: 10/10
  4527 | D:6      | Identified the ring "Ropy Xott" {AC+4 Int+2}
  4562 | D:6      | Noticed Blork the orc
  4573 | D:6      | Killed Blork the orc
  4644 | D:6      | Reached skill level 12 in Dodging
  4650 | D:6      | Reached skill level 9 in Fighting
  5264 | D:6      | Found a shadowy altar of Dithmenos.
  5264 | D:6      | Found a basalt altar of Yredelemnul.
  5600 | D:7      | Found a staircase to the Ecumenical Temple.
  5615 | Temple   | Entered the Ecumenical Temple
  5636 | Temple   | Became a worshipper of Gozag Ym Sagoz the Greedy
  5689 | D:7      | Found a stormy altar of Qazlal.
  5768 | D:7      | Noticed Menkaure
  5784 | D:7      | Killed Menkaure
  6321 | D:8      | Reached skill level 10 in Fighting
  6614 | D:8      | Reached skill level 1 in Armour
  6614 | D:8      | Reached skill level 13 in Dodging
  6893 | D:8      | Reached XP level 11. HP: 72/72 MP: 11/11
  7099 | D:8      | Found a runed translucent door.
  7176 | D:9      | Noticed a two-headed ogre
  7185 | D:9      | Reached skill level 2 in Armour
  7197 | D:9      | Killed a two-headed ogre
  7233 | D:9      | Found an ornate altar of the Wu Jian Council.
  7370 | D:9      | Found a staircase to the Lair.
  7370 | D:9      | Noticed a centaur warrior
  7401 | D:9      | Found a staircase to the Orcish Mines.
  7411 | D:9      | Reached skill level 3 in Armour
  7766 | D:9      | Found a runed translucent door.
  7818 | D:9      | Killed a centaur warrior
  7819 | D:9      | Reached skill level 11 in Fighting
  8238 | D:9      | Found a hazy altar of Hepliaklqana.
  8637 | D:9      | Noticed jimonade's ghost (novice DjWr)
  8637 | D:9      | Identified the +7 trident of Summer {vamp, Int+3 Dex+3}
  8658 | Lair:1   | Entered Level 1 of the Lair of Beasts
  8663 | D:9      | Bought an amulet of reflection for 420 gold pieces
  8679 | Lair:1   | Reached skill level 14 in Dodging
  8687 | Lair:1   | Reached skill level 4 in Armour
  9153 | Lair:1   | Reached XP level 12. HP: 69/81 MP: 12/12
  9651 | Lair:2   | Reached skill level 5 in Armour
  9674 | Lair:2   | Reached skill level 12 in Fighting
  9833 | Lair:2   | Noticed a death yak
  9834 | Lair:2   | Noticed a death yak
  9834 | Lair:2   | Noticed a death yak
  9837 | Lair:2   | Noticed a death yak
  9838 | Lair:2   | Noticed a death yak
  9848 | Lair:2   | Killed a death yak
  9849 | Lair:2   | Reached skill level 15 in Dodging
  9858 | Lair:2   | Killed a death yak
  9869 | Lair:2   | Killed a death yak
  9870 | Lair:2   | Noticed a death yak
  9870 | Lair:2   | Noticed a death yak
  9870 | Lair:2   | Noticed a death yak
  9886 | Lair:2   | Killed a death yak
  9887 | Lair:2   | Reached skill level 6 in Armour
  9898 | Lair:2   | Noticed a death yak
  9898 | Lair:2   | Noticed a death yak
 10143 | Lair:2   | Killed a death yak
 10156 | Lair:2   | Killed a death yak
 10169 | Lair:2   | Killed a death yak
 10179 | Lair:2   | Reached skill level 13 in Fighting
 10195 | Lair:2   | Killed a death yak
 10392 | Lair:2   | Noticed a death yak
 10421 | Lair:2   | Killed a death yak
 10422 | Lair:2   | Reached XP level 13. HP: 88/88 MP: 13/13
 11077 | Lair:3   | Reached skill level 7 in Armour
 11077 | Lair:3   | Reached skill level 16 in Dodging
 11235 | Lair:3   | Found a staircase to the Shoals.
 11653 | Lair:3   | Noticed an eight-headed hydra
 11667 | Lair:3   | Killed an eight-headed hydra
 11998 | Lair:3   | Found a hole to the Spider Nest.
 12059 | Lair:3   | Reached skill level 14 in Fighting
 13456 | Lair:4   | Reached skill level 8 in Armour
 14007 | Lair:4   | Reached skill level 17 in Dodging
 14630 | Lair:5   | Entered Level 5 of the Lair of Beasts
 14643 | Lair:5   | Noticed a six-headed hydra
 14663 | Lair:5   | Killed a six-headed hydra
 14664 | Lair:5   | Reached XP level 14. HP: 47/96 MP: 14/14
 14877 | Lair:5   | HP: 9/96 [death yak (22)]
 15011 | D:10     | Entered Level 10 of the Dungeon
 15342 | D:10     | Reached skill level 15 in Fighting
 15978 | D:10     | Identified the +9 long sword "Qilyrae" {flame, Contam
                  | Int+4}
 16006 | D:10     | Found a shimmering altar of Xom.
 16013 | D:10     | Reached skill level 18 in Dodging
 16447 | D:9      | Bought a +4 ring of slaying for 936 gold pieces
 17329 | D:12     | Reached skill level 16 in Fighting
 17511 | D:12     | Noticed Maurice
 17534 | D:12     | Killed Maurice
 18135 | Lair:5   | Reached skill level 19 in Dodging
 18408 | Lair:5   | Found a viscous altar of Jiyva.
 18408 | Lair:5   | Found a staircase to the Slime Pits.
 18572 | Lair:5   | Reached XP level 15. HP: 82/105 MP: 15/15
 18982 | Lair:5   | Reached skill level 17 in Fighting
 19376 | Lair:5   | Reached skill level 6 in Stealth
 19432 | Lair:5   | Reached skill level 7 in Stealth
 19936 | Lair:5   | Reached skill level 8 in Stealth
 20404 | Orc:1    | Entered Level 1 of the Orcish Mines
 20455 | Orc:1    | Identified a potion of resistance
 20458 | Orc:2    | Entered Level 2 of the Orcish Mines
 20498 | Orc:2    | Reached skill level 18 in Fighting
 20655 | Orc:2    | Noticed Urug
 20660 | Orc:2    | Killed Urug
 20661 | Orc:2    | Reached skill level 9 in Stealth
 20839 | Orc:2    | Found a gate leading to a gauntlet.
 20918 | Gauntlet | Entered a Gauntlet
 20918 | Gauntlet | Found a transporter.
 20933 | Gauntlet | Found a transporter.
 20946 | Gauntlet | Found a transporter.
 20962 | Gauntlet | Found a transporter.
 20979 | Gauntlet | Found a transporter.
 20987 | Gauntlet | Found a transporter.
 21015 | Gauntlet | Found a transporter.
 21025 | Gauntlet | Found a transporter.
 21037 | Gauntlet | Found a transporter.
 21051 | Gauntlet | Found a transporter.
 21062 | Gauntlet | Found a transporter.
 21083 | Gauntlet | Found a transporter.
 21092 | Gauntlet | Found a transporter.
 21150 | Gauntlet | Found a transporter.
 21418 | Gauntlet | Identified the amulet of the Robin {Contam Regen+ Int+3
                  | Dex+4}
 21455 | Gauntlet | Identified the +1 pair of boots of the Barnacle {-Tele
                  | Regen+ rCorr Stlth+}
 21715 | Orc:2    | Found a staircase to the Elven Halls.
 21833 | D:9      | Bought the +0 pair of fencer's gloves {Riposte Dex+3} for
                  | 560 gold pieces
 21833 | D:9      | Found the +0 pair of fencer's gloves {Riposte Dex+3}
 22093 | Orc:2    | Found a radiant altar of Vehumet.
 22131 | Orc:2    | Noticed Snorg
 22142 | Orc:2    | Reached skill level 10 in Stealth
 22144 | Orc:2    | Paralysed by an orc sorcerer for 4 turns
 22154 | Orc:2    | Killed Snorg
 22267 | Orc:2    | Noticed Nergalle
 22268 | Orc:2    | Found Bienikh's Magic Scroll Emporium.
 22539 | Orc:2    | Killed Nergalle
 22540 | Orc:2    | Reached XP level 16. HP: 116/116 MP: 16/16
 22540 | Orc:2    | Found an ancient bone altar of Kikubaaqudgha.
 22558 | Orc:2    | Bought a scroll of enchant weapon for 135 gold pieces
 22612 | Orc:2    | Found Putaippu's Jewellery Shoppe.
 22622 | Orc:2    | Found Cap Afu's Antique Weapon Shoppe.
 22659 | Orc:2    | Found Iracvej's Distillery.
 22664 | Orc:2    | Bought 2 potions of heal wounds for 140 gold pieces
 22664 | Orc:2    | Bought a potion of might for 56 gold pieces
 22664 | Orc:2    | Bought a potion of might for 56 gold pieces
 22664 | Orc:2    | Bought a potion of heal wounds for 70 gold pieces
 23105 | Orc:1    | Found Ahokhlim's General Store.
 23156 | Orc:1    | Reached skill level 11 in Stealth
 23362 | Orc:1    | Found Cuafeuj's CLEARANCE SALE!.
 24308 | D:13     | Reached skill level 12 in Stealth
 24581 | D:13     | Reached skill level 19 in Fighting
 24978 | D:13     | Identified the +5 quarterstaff of Ragaadd {elec, rC+ rCorr}
 25656 | D:14     | Reached skill level 20 in Dodging
 25932 | D:14     | Noticed Kirke
 25943 | D:14     | Killed Kirke
 26451 | D:14     | Found a gate to the Vaults.
 26616 | D:15     | Entered Level 15 of the Dungeon
 27083 | D:15     | Reached skill level 20 in Fighting
 27118 | D:15     | Reached XP level 17. HP: 92/124 MP: 17/17
 27213 | D:15     | Found a staircase to the Depths.
 27294 | D:15     | Reached skill level 21 in Dodging
 27559 | D:15     | Found a sacrificial altar of Ru.
 28149 | D:9      | Bought a pair of dazzling boots for 370 gold pieces
 28149 | D:9      | Identified the +0 pair of boots of Fresh the Leaf {rPois}
                  | (You bought it in a shop on level 9 of the Dungeon)
 28245 | Spider:1 | Entered Level 1 of the Spider Nest
 29874 | Spider:2 | Reached skill level 21 in Fighting
 29902 | Spider:2 | Reached skill level 22 in Dodging
 30805 | Spider:2 | Found a runed translucent door.
 30805 | Spider:2 | Noticed Qaev's ghost (adept DjCj)
 31092 | Spider:2 | Reached XP level 18. HP: 99/132 MP: 18/18
 31389 | Spider:2 | Killed Qaev's ghost
 31909 | Spider:3 | Noticed Donald
 31951 | Spider:3 | Killed Donald
 32322 | Spider:3 | Reached skill level 23 in Dodging
 32524 | Spider:3 | Reached skill level 22 in Fighting
 32830 | Spider:3 | Upgraded the game from 0.30-a0-845-g7c6808c8ce to
                  | 0.30-a0-847-g17996783a1
 32840 | Spider:4 | Entered Level 4 of the Spider Nest
 33162 | Spider:4 | Noticed Bai Suzhen
 33211 | Spider:4 | Killed Bai Suzhen
 33512 | Spider:4 | Noticed Arachne
 33526 | Spider:4 | Killed Arachne
 33527 | Spider:4 | Reached skill level 9 in Armour
 34575 | Spider:4 | Noticed Mara
 34588 | Spider:4 | Killed Mara
 34602 | Spider:4 | Reached skill level 10 in Armour
 34602 | Spider:4 | Reached XP level 19. HP: 123/140 MP: 19/19
 34811 | Spider:4 | Identified the +2 pair of gloves "Nyjuok" {Regen+ Dex+4}
 34827 | Spider:4 | Got a gossamer rune of Zot
 34847 | Spider:4 | Noticed Asterion
 35062 | Spider:4 | Killed Asterion
 35074 | Spider:4 | Reached skill level 23 in Fighting
 36105 | D:9      | Bought a scroll of enchant weapon for 255 gold pieces
 36229 | Vaults:1 | Entered Level 1 of the Vaults
 36236 | Vaults:1 | Found Gelukk's Jewellery Boutique.
 36505 | Vaults:1 | Reached skill level 11 in Armour
 37308 | Vaults:1 | Reached skill level 1 in Shields
 37445 | Vaults:1 | Reached skill level 2 in Shields
 37990 | Vaults:1 | Reached skill level 3 in Shields
 38033 | Vaults:1 | You are cast into the Abyss!
 38033 | Abyss:2  | Cast into level 2 of the Abyss (a wizard)
 38166 | Abyss:2  | Noticed a dread lich
 38188 | Abyss:2  | Killed a dread lich
 38189 | Abyss:2  | Reached skill level 24 in Fighting
 38215 | Abyss:2  | Reached XP level 20. HP: 92/150 MP: 20/20
 38251 | Abyss:2  | Reached skill level 4 in Shields
 38509 | Vaults:1 | You pass through the gate.
 38509 | Vaults:1 | Escaped the Abyss
 38886 | Vaults:1 | Reached skill level 5 in Shields
 39678 | Vaults:1 | Reached skill level 6 in Shields
 40404 | Vaults:2 | Found Dopeul's General Store.
 40408 | Vaults:2 | Bought a potion of might for 84 gold pieces
 40566 | Vaults:2 | Reached skill level 7 in Shields
 41112 | Vaults:2 | Reached skill level 8 in Shields
 42061 | Vaults:2 | Reached skill level 9 in Shields
 42586 | Vaults:3 | Reached XP level 21. HP: 156/156 MP: 21/21
 43126 | Vaults:3 | Reached skill level 10 in Shields
 43452 | Vaults:3 | Found a staircase to the Crypt.
 44470 | Vaults:4 | Reached skill level 11 in Shields
 45292 | Vaults:4 | Reached skill level 12 in Shields
 45347 | Vaults:4 | HP: 8/156 [ironbound frostheart/creeping frost (14)]
 45365 | Vaults:4 | HP: 10/156 [fire dragon (glowing shapeshifter)/blast of
                  | flame (7)]
 45428 | Vaults:4 | HP: 13/156 [ironbound frostheart/creeping frost (14)]
 45439 | Vaults:4 | HP: 7/156 [ironbound frostheart/creeping frost (36)]
 45476 | Vaults:4 | HP: 12/156 [ironbound thunderhulk/+0 dire flail (14)]
 45517 | Vaults:4 | Reached skill level 13 in Shields
 45927 | Vaults:4 | Identified the +9 arbalest "Gofimpet" {flame, rF+}
 46477 | Elf:1    | Entered Level 1 of the Elven Halls
 46724 | Elf:1    | Reached XP level 22. HP: 110/163 MP: 22/22
 46982 | Elf:1    | Found Nyck's Magic Scroll Shop.
 47068 | Elf:1    | Reached skill level 14 in Shields
 47889 | Elf:2    | Found a runed translucent gate.
 47890 | Elf:2    | Found a runed translucent gate.
 47891 | Elf:2    | Found a runed translucent gate.
 48179 | Elf:2    | Paralysed by an air elemental for 1 turns
 48196 | Elf:2    | Paralysed by an air elemental for 1 turns
 48632 | Elf:2    | Found a runed translucent gate.
 48632 | Elf:2    | Found a runed translucent gate.
 48632 | Elf:2    | Found a runed translucent gate.
 48696 | Elf:2    | Identified the +1 robe "Ixkin" {rElec rF++}
 48698 | Elf:2    | Identified the +3 battleaxe of the Thirteen Queens {pain,
                  | rF+ Str+2 Dex-3}
 48701 | Elf:2    | Noticed loam's ghost (adept DsDe)
 48725 | Elf:3    | Entered Level 3 of the Elven Halls
 48763 | Elf:3    | Noticed Zenata
 48793 | Elf:3    | Killed Zenata
 48798 | Elf:3    | Reached skill level 15 in Shields
 49082 | Elf:3    | Found a magical portal.
 49088 | WizLab   | Entered Alistair's Party Mansion
 49369 | WizLab   | Got the Folio of Toxins and Transformation
 49379 | WizLab   | Acquired 830 gold pieces
 49658 | Elf:3    | Found an ancient bone altar of Kikubaaqudgha.
 50445 | Elf:3    | You are cast into the Abyss!
 50445 | Abyss:2  | Cast into level 2 of the Abyss (a deep elf demonologist)
 50484 | Abyss:2  | Reached skill level 16 in Shields
 50522 | Abyss:2  | Noticed a bone dragon
 50570 | Abyss:2  | Killed a bone dragon
 50650 | Elf:3    | You pass through the gate.
 50650 | Elf:3    | Escaped the Abyss
 50986 | Elf:3    | HP: 13/163 [deep elf master archer/arrow (28)]
 51329 | Elf:3    | Identified the +1 halberd "Koynkuw" {pain, Fly Str+5 Int+3
                  | Stlth-}
 51329 | Elf:3    | Identified the ring of the Tick {rElec rPois MP+9}
 51635 | Elf:3    | Reached XP level 23. HP: 166/168 MP: 23/23
 51643 | Elf:3    | Identified the +9 battleaxe "Ogreslayer" {vamp, rN+ Dex+5}
 51974 | Elf:3    | Found the +8 storm bow {elec, penet}
 51989 | Elf:3    | Identified the +0 helmet of Buedweemp {rPois rN+ Str-4}
 52038 | Elf:3    | Identified the +7 rapier of Irrepressible Laughter {flame,
                  | rElec}
 52053 | Elf:3    | Identified the ring "Fisueton" {Fly Will+}
 52063 | Elf:3    | Identified the +3 dagger "Cixi" {drain, MP+9}
 52066 | Elf:3    | Identified the +2 ring mail of the Sturgeon {Will++ Str+3
                  | Int+2}
 52067 | Elf:3    | Identified the ring "Wempaump" {Ice Dex+4 Stlth+}
 52106 | Elf:3    | Identified the amulet "Gisebonu" {Rampage rC- Regen+ Int+7
                  | Stlth+}
 52498 | D:9      | Bought a glowing scarf for 248 gold pieces
 52605 | Shoals:1 | Entered Level 1 of the Shoals
 52853 | Shoals:1 | Reached skill level 9 in Short Blades
 52896 | Shoals:1 | Found Zaluph's Assorted Antiques.
 53033 | Shoals:1 | Reached skill level 1 in Evocations
 53072 | Shoals:1 | Reached skill level 2 in Evocations
 53433 | Shoals:1 | Reached skill level 3 in Evocations
 53801 | Shoals:2 | Noticed Polyphemus
 53816 | Shoals:2 | Killed Polyphemus
 53835 | Shoals:2 | Reached skill level 4 in Evocations
 53865 | Shoals:2 | Reached skill level 12 in Armour
 54022 | Shoals:2 | Reached skill level 5 in Evocations
 54745 | Shoals:2 | Found Maluseof's Weapon Boutique.
 55076 | Shoals:3 | Reached skill level 6 in Evocations
 55184 | Shoals:3 | Noticed Ilsuiw
 55199 | Shoals:3 | Killed Ilsuiw
 55504 | Shoals:3 | Reached skill level 7 in Evocations
 56307 | Shoals:3 | Acquired the +8 Vampire's Tooth {megavamp}
 56307 | Shoals:3 | Found the +8 Vampire's Tooth {megavamp}
 56330 | Shoals:4 | Entered Level 4 of the Shoals
 56403 | Shoals:4 | Identified the +1 robe of Kimutemu {rC+ Str+2}
 56487 | Shoals:4 | Noticed Louise
 56491 | Shoals:4 | Killed Louise
 56566 | Shoals:4 | Found the +7 Spriggan's Knife {stab, EV+4 Stlth+}
 56567 | Shoals:4 | Found Gedwam's Antique Weapon Boutique.
 56583 | Shoals:4 | Reached skill level 13 in Armour
 57427 | Shoals:4 | Got a barnacled rune of Zot
 57808 | Shoals:4 | Identified the +0 chain mail of Levity {+Inv rN+ Int-4}
 58100 | Depths:1 | Entered Level 1 of the Depths
 58215 | D:15     | Reached XP level 24. HP: 175/175 MP: 23/23
 58266 | Depths:1 | Reached skill level 14 in Armour
 58967 | Depths:1 | Found a shimmering blue altar of Sif Muna.
 59005 | Depths:1 | Found a one-way gateway to a ziggurat.
 59299 | Depths:1 | Found a gateway to Hell.
 59391 | Depths:1 | Found Mafo's Distillery.
 59397 | Depths:1 | Bought a potion of heal wounds for 80 gold pieces
 59463 | Depths:2 | Reached skill level 15 in Armour
 59812 | Depths:2 | Noticed a golden dragon
 59827 | Depths:2 | Noticed a juggernaut
 59879 | Depths:2 | Killed a juggernaut
 59894 | Depths:2 | Killed a golden dragon
 59976 | Depths:2 | Found the +1 cloak of Starlight {*Dazzle EV+4 Stlth--}
 60103 | Depths:2 | Noticed a golden dragon
 60141 | Depths:2 | Killed a golden dragon
 60191 | Depths:2 | Reached skill level 16 in Armour
 60201 | Depths:2 | Got the Discourse on the Caves
 60232 | Depths:2 | Noticed a golden dragon
 60240 | Depths:2 | Killed a golden dragon
 60364 | Depths:2 | Paralysed by a vampire knight for 4 turns
 60481 | Depths:2 | Identified the +2 flail of Fresh Tender Mercy {protect,
                  | Int+3}
 60558 | Depths:2 | Paralysed by a vampire knight for 3 turns
 61014 | Depths:2 | Found a one-way gate leading to the halls of Pandemonium.
 61957 | Depths:3 | Found a one-way gate to the infinite horrors of the Abyss.
 61967 | Depths:3 | Found Cockoh's Jewellery Emporium.
 62536 | Depths:3 | Noticed Parghit
 63049 | Vaults:5 | Entered Level 5 of the Vaults
 63051 | Vaults:5 | Noticed Mennas
 63077 | Vaults:5 | Reached XP level 25. HP: 180/180 MP: 23/23
 63117 | Vaults:5 | Killed Mennas
 63217 | Vaults:5 | Reached skill level 10 in Short Blades
 63275 | Vaults:5 | Noticed a dread lich
 63353 | Vaults:5 | Identified the +2 leather armour of the Monkey's Uncle
                  | {Contam Will+ Regen+ Int+7}
 63424 | Vaults:5 | Noticed an ancient lich
 63439 | Vaults:5 | Killed an ancient lich
 63519 | Vaults:5 | Reached skill level 25 in Fighting
 63670 | Vaults:5 | Identified the ring "Naaqygut" {rElec rC+ Str+6}
 63938 | Vaults:5 | Reached skill level 11 in Short Blades
 63986 | Vaults:5 | Identified a potion of experience
 64036 | Vaults:5 | Reached skill level 17 in Shields
 64080 | Vaults:5 | Paralysed by something for 2 turns
 64167 | Vaults:5 | HP: 9/167 [Hell Sentinel/iron shot[a dread lich] (53)]
 64534 | Vaults:4 | Paralysed by a dread lich for 3 turns
 64573 | Vaults:4 | Killed a dread lich
 64829 | Vaults:5 | Reached XP level 26. HP: 173/173 MP: 23/23
 65036 | Vaults:5 | Noticed a dread lich
 65133 | Vaults:5 | Identified +2 pearl dragon scales
 65382 | Vaults:5 | You are cast into the Abyss!
 65382 | Abyss:3  | Found a corrupted altar of Lugonu.
 65382 | Abyss:3  | Found a corrupted altar of Lugonu.
 65382 | Abyss:3  | Found a transporter.
 65382 | Abyss:3  | Cast into level 3 of the Abyss (a deep elf demonologist)
 65409 | Abyss:3  | Got the Atlas of the Wyrd and Poison
 65414 | Abyss:3  | Found a corrupted altar of Lugonu.
 65418 | Abyss:3  | Found a corrupted altar of Lugonu.
 65430 | Abyss:3  | Reached skill level 12 in Short Blades
 65435 | Vaults:5 | You pass through the gate.
 65435 | Vaults:5 | Escaped the Abyss
 65809 | Vaults:5 | Reached skill level 24 in Dodging
 65877 | Vaults:5 | Identified the ring "Hel Pir" {rPois MP-9 Dex+6 Slay+4
                  | Stlth+}
 65880 | Vaults:5 | You are cast into the Abyss!
 65880 | Abyss:3  | Cast into level 3 of the Abyss (a deep elf sorcerer)
 65937 | Abyss:3  | Gained mutation: [You are clumsy. (Dex -2)] [a cacodemon]
 65962 | Abyss:3  | Reached XP level 27. HP: 166/193 MP: 23/23
 66300 | Abyss:3  | Reached skill level 18 in Shields
 66656 | Vaults:5 | You pass through the gate.
 66656 | Vaults:5 | Escaped the Abyss
 66656 | Vaults:5 | Identified the +4 ring mail "Goidots" {rF++ rC+}
 66656 | Vaults:5 | Identified the amulet of Niuqet {Acrobat rF+ Dex+2 Stlth+}
 66690 | Vaults:5 | Paralysed by a dread lich for 5 turns
 66693 | Vaults:5 | Slain by a war gargoyle

Vanquished Creatures
  An ancient lich (Vaults:5)
  2 dread liches
  Mennas (Vaults:5)
  Mara (Spider:4)
  A juggernaut (Depths:2)
  Bai Suzhen (Spider:4)
  3 golden dragons (Depths:2)
  Arachne (Spider:4)
  A bone dragon (Abyss:2)
  Zenata (Elf:3)
  2 tentacled monstrosities
  3 deep elf blademasters (Elf:3)
  3 deep elf master archers (Elf:3)
  2 walking divine tomes (Depths:2)
  4 titans (Vaults:5)
  Polyphemus (Shoals:2)
  2 quicksilver dragons (Vaults:5)
  7 liches
  Asterion (Spider:4)
  Kirke (D:14)
  The ghost of Qaev the Warrior, an adept DjCj of Dithmenos (Spider:2)
  2 tentacled starspawn (Abyss:3)
  6 sphinxes
  A kraken (Shoals:3)
  3 storm dragons (Vaults:5)
  5 shadow dragons (Vaults:5)
  3 tengu reavers
  Ilsuiw (Shoals:3)
  Donald (Spider:3)
  21 vault wardens
  7 frost giants
  Louise (Shoals:4)
  7 fire giants
  9 deep elf sorcerers
  An iron dragon (Vaults:5)
  9 emperor scorpions
  4 ghost moths
  A cacodemon (Abyss:3)
  4 deep elf elementalists (Elf:3)
  3 orc warlords
  3 demonspawn corrupters (WizLab)
  23 ironbound preservers
  A draconian stormcaller (Abyss:3)
  A quicksilver ooze (shapeshifter) (Vaults:4)
  9 stone giants
  2 war gargoyles
  21 very ugly things
  10 broodmothers
  3 vampire knights (Depths:2)
  7 deep elf demonologists
  9 ironbound thunderhulks
  A minotaur (Gauntlet)
  7 deep elf annihilators (Elf:3)
  6 spark wasps
  4 dire elephants (Vaults:1)
  2 fire dragons
  3 merfolk javelineers
  3 deep elf death magi
  Snorg (Orc:2)
  8 deep elf high priests
  10 ettins
  3 merfolk impalers
  7 yaktaur captains
  A blizzard demon (Depths:3)
  9 entropy weavers
  3 ice dragons
  3 peacekeepers
  6 great orbs of eyes
  3 rakshasas
  33 vault guards
  A hell beast (Depths:3)
  7 hydras
  A spriggan skeleton (Abyss:3)
  3 ogre magi
  A catoblepas (Shoals:2)
  3 spriggan air magi
  7 centaur warriors
  16 ironbound frosthearts
  4 boulder beetles
  4 death knights
  4 merfolk avatars
  An alligator snapping turtle (Shoals:4)
  12 dancing weapons
  23 death yaks
  3 satyrs
  A deep troll shaman (Depths:1)
  A hell hog (Depths:3)
  7 two-headed ogres
  4 merfolk aquamancers
  Urug (Orc:2)
  A vampire mage (Depths:3)
  5 deep troll earth magi
  7 spriggan berserkers
  2 tengu warriors (D:14)
  3 titan zombies
  A shock serpent (shapeshifter) (Vaults:4)
  A sun demon (Abyss:3)
  7 thrashing horrors (Abyss:3)
  15 deep elf knights
  Nergalle (Orc:2)
  4 iron trolls
  A soul eater (Depths:3)
  14 hell knights
  8 skysharks
  18 sea snakes
  2 sixfirhies
  A shadow wraith (Vaults:5)
  9 pharaoh ants
  7 skeletal warriors
  2 wretched stars (Abyss:3)
  3 spriggan druids (WizLab)
  A deep troll (shapeshifter) (Elf:2)
  2 glowing orange brains
  35 deep trolls
  9 deep elf archers
  A spark wasp zombie (D:15)
  3 flayed ghosts
  An iron giant zombie (Abyss:3)
  A tengu zombie (Vaults:1)
  Pikel (D:4)
  10 wizards
  16 orb spiders
  7 phantasmal warriors
  32 harpies
  6 steelbarb worms
  4 lindwurms
  9 necromancers
  21 ironbound convokers
  An orc knight (Orc:2)
  24 wolf spiders
  10 orc sorcerers (Orc:2)
  19 deep elf zephyrmancers
  20 deep elf pyromancers
  A manticore (shapeshifter) (Vaults:5)
  19 fauns
  16 elephants
  7 cyclopes
  10 manticores
  A shadow dragon skeleton (Vaults:5)
  2 worldbinders (WizLab)
  27 ugly things
  A human skeleton (Vaults:1)
  15 merfolk sirens
  A guardian serpent (shapeshifter) (D:13)
  A rust devil (Abyss:2)
  A guardian serpent (Abyss:2)
  A frost giant skeleton (D:15)
  Maurice (D:12)
  2 apocalypse crabs (Abyss:3)
  21 vault sentinels
  5 black mambas
  6 demonic crawlers
  A smoke demon (Abyss:2)
  An eye of devastation (shapeshifter) (Vaults:5)
  10 torpor snails
  A cane toad (shapeshifter) (Vaults:5)
  A naga mage (Abyss:2)
  4 water nymphs
  2 orange demons
  2 gargoyles
  Maggie (D:6)
  14 cane toads
  2 rime drakes
  29 yaktaurs
  3 efreet
  3 kobold demonologists
  An ice devil (Gauntlet)
  7 komodo dragons
  3 unseen horrors
  A guardian mummy (D:15)
  11 tengu conjurers
  An ancient zyme (Abyss:3)
  4 freezing wraiths
  10 trolls
  27 merfolk
  A tengu simulacrum (Vaults:1)
  4 polar bears
  14 meliai
  3 hornets (Lair:5)
  A hydra skeleton (Abyss:2)
  5 wind drakes
  A sphinx simulacrum (Vaults:1)
  11 blink frogs
  10 raiju
  20 tarantellas
  18 dream sheep
  6 snapping turtles
  A dream sheep (shapeshifter) (Vaults:5)
  A jumping spider (shapeshifter) (Elf:3)
  43 jumping spiders
  8 flying skulls
  28 slime creatures
  11 spriggans (Lair:5)
  A shadow (Abyss:3)
  8 wraiths
  28 culicivoras
  2 air elementals (Elf:2)
  A vampire (D:11)
  A ynoxinul (Abyss:2)
  7 water elementals
  20 humans (D:14)
  3 wyverns
  3 basilisks
  Eustachio (D:6)
  34 yaks
  2 fire elementals
  A yaktaur simulacrum (Vaults:5)
  A chaos spawn (Abyss:3)
  2 elf zombies
  A redback (shapeshifter) (Depths:2)
  6 vampire mosquitoes
  74 redbacks
  3 steam dragons
  4 neqoxecs
  Menkaure (D:7)
  A hell hound (D:14)
  6 acid dragons
  2 nagas (Abyss:2)
  5 wargs
  4 large abominations
  7 water moccasins
  A glowing shapeshifter skeleton (Vaults:1)
  16 orc warriors
  A floating eye (shapeshifter) (Abyss:3)
  3 sky beasts
  An ice beast (D:5)
  9 black bears
  5 ogres
  11 boggarts
  25 wolves
  8 centaurs
  8 small abominations
  2 lemures (D:4)
  2 phantoms
  7 kobold brigands
  Blork the orc (D:6)
  4 bullfrogs
  An earth elemental (Elf:3)
  3 gnoll sergeants
  4 scorpions
  9 wights
  An elephant simulacrum (Lair:5)
  4 killer bees
  An electric eel (Spider:4)
  9 howler monkeys
  4 hounds
  A gnoll bouda (D:5)
  2 jellies (D:7)
  21 orc priests
  6 starcursed masses
  2 iron imps (Abyss:3)
  Jessica (D:2)
  6 iguanas
  38 orc wizards
  Ijyb (D:4)
  A wolf simulacrum (Lair:5)
  2 centaur simulacra
  13 gnolls
  10 adders
  A shadow imp (D:6)
  A white imp (D:7)
  3 ufetubi
  4 worms
  5 dart slugs
  58 orcs
  4 bats
  6 endoplasms
  5 giant cockroaches
  5 goblins
  10 hobgoblins
  30 kobolds
  6 quokkas
  4 ball pythons
  4 frilled lizards
  9 rats
  A lurking horror (Abyss:3)
  A starspawn tentacle (Abyss:3)
1873 creatures vanquished.

Vanquished Creatures (collateral kills)
  A vault guard (Vaults:5)
1 creature vanquished.

Vanquished Creatures (others)
  A fire giant (Vaults:5)
  A stone giant (Vaults:5)
  A merfolk aquamancer (Shoals:4)
  A deep elf knight (Elf:1)
  An ironbound convoker (Vaults:4)
  A deep elf zephyrmancer (Elf:1)
  A jumping spider (Spider:4)
  2 humans (D:14)
  A small abomination (Abyss:2)
  A kobold (D:9)
  A bush (Lair:2)
  2 demonic plants
  24 fungi
  A lurking horror (Abyss:3)
  66 plants
  A starspawn tentacle (Abyss:3)
  4 tentacles (Shoals:3)
  3 toadstools (D:1)
  9 withered plants (D:15)
122 creatures vanquished.

Grand Total: 1996 creatures vanquished

Table legend: (Time is in decaauts)
 A = Elapsed time spent in this place.
 B = Non-inter-level travel time spent in this place.
 C = Inter-level travel time spent in this place.
 D = Time resting spent in this place.
 E = Time spent auto-exploring this place.
 F = Levels seen in this place.
 G = Mean time per level.
                   A        B        C        D        E       F      G
               +--------+--------+--------+--------+--------+-----+--------+
         Total |  58721 |  54404 |   4317 |   7071 |  37604 |  48 | 1223.4 |
       Dungeon |  15811 |  14031 |   1780 |    967 |  11134 |  15 | 1054.1 |
        Temple |     27 |     21 |      6 |      0 |      3 |   1 |   27.0 |
          Lair |   8407 |   7365 |   1042 |   1536 |   4751 |   5 | 1681.4 |
        Shoals |   4712 |   4564 |    148 |      0 |   3802 |   4 | 1178.0 |
   Spider Nest |   6707 |   6589 |    118 |   1131 |   4318 |   4 | 1676.8 |
  Orcish Mines |   2317 |   1931 |    386 |     33 |   1545 |   2 | 1158.5 |
   Elven Halls |   4613 |   4480 |    133 |   1229 |   2465 |   3 | 1537.7 |
        Vaults |   9863 |   9348 |    515 |   1296 |   6271 |   5 | 1972.6 |
        Depths |   3942 |   3756 |    186 |    296 |   2755 |   3 | 1314.0 |
         Abyss |   1137 |   1137 |      0 |    402 |     26 |   4 |  284.2 |
        Wizlab |    510 |    510 |      0 |    111 |    158 |   1 |  510.0 |
      Gauntlet |    670 |    670 |      0 |     68 |    374 |   1 |  670.0 |
               +--------+--------+--------+--------+--------+-----+--------+

Top non-repeatable levels by time:
  Lair:2: 2511 daAuts
Vaults:1: 2496 daAuts
Spider:4: 2481 daAuts
Vaults:4: 2262 daAuts
Depths:2: 2096 daAuts
  Lair:5: 1998 daAuts
Vaults:2: 1983 daAuts
     D:9: 1938 daAuts
   Elf:2: 1850 daAuts
Vaults:3: 1821 daAuts
   Orc:2: 1782 daAuts
   Elf:3: 1678 daAuts
Spider:2: 1558 daAuts
  Lair:3: 1538 daAuts
    D:14: 1512 daAuts

Table legend:
 A = Non-vault XP
 B = Vault XP
 C = Vault XP percentage of total XP
 D = Non-vault monster count
 E = Vault monster count
 F = Vault count percentage of total count
                 A         B        C        D         E       F
            +---------+---------+-------+---------+---------+-------
      Total |  512025 |  444109 |  46.4 |    1244 |     631 |  33.7
            +---------+---------+-------+---------+---------+-------
        D:1 |      37 |       1 |   2.6 |      21 |       1 |   4.5
        D:2 |      83 |      64 |  43.5 |      20 |       3 |  13.0
        D:3 |      41 |       0 |   0.0 |      15 |       0 |   0.0
        D:4 |     472 |     709 |  60.0 |      25 |       2 |   7.4
        D:5 |    1393 |     394 |  22.0 |      16 |       5 |  23.8
        D:6 |    1684 |     677 |  28.7 |      37 |       3 |   7.5
        D:7 |    1082 |     169 |  13.5 |      19 |       1 |   5.0
        D:8 |    1021 |       0 |   0.0 |      27 |       0 |   0.0
        D:9 |    3155 |     814 |  20.5 |      20 |      13 |  39.4
       D:10 |    3590 |    5623 |  61.0 |      15 |      18 |  54.5
       D:11 |    2825 |       0 |   0.0 |      16 |       0 |   0.0
       D:12 |    4704 |     462 |   8.9 |      14 |       1 |   6.7
       D:13 |   11162 |       0 |   0.0 |      27 |       0 |   0.0
       D:14 |   12116 |    8768 |  42.0 |      23 |      27 |  54.0
       D:15 |   14143 |    4748 |  25.1 |      29 |       8 |  21.6
     Lair:1 |    3027 |     815 |  21.2 |      11 |       2 |  15.4
     Lair:2 |    9435 |    4049 |  30.0 |      24 |       5 |  17.2
     Lair:3 |    7342 |    1069 |  12.7 |      22 |       3 |  12.0
     Lair:4 |    6980 |       0 |   0.0 |      30 |       0 |   0.0
     Lair:5 |   25539 |    9392 |  26.9 |      49 |      52 |  51.5
   Shoals:1 |   19728 |       0 |   0.0 |      41 |       0 |   0.0
   Shoals:2 |   12634 |    7845 |  38.3 |      25 |      11 |  30.6
   Shoals:3 |   19212 |    3515 |  15.5 |      34 |       5 |  12.8
   Shoals:4 |   10044 |   19804 |  66.3 |      19 |      35 |  64.8
   Spider:1 |   17254 |    3272 |  15.9 |      49 |       4 |   7.5
   Spider:2 |   16820 |   11432 |  40.5 |      54 |      16 |  22.9
   Spider:3 |   21123 |    1312 |   5.8 |      60 |       1 |   1.6
   Spider:4 |   16823 |   39614 |  70.2 |      42 |      52 |  55.3
      Orc:1 |    3635 |       0 |   0.0 |      42 |       0 |   0.0
      Orc:2 |    3325 |    8523 |  71.9 |      32 |      36 |  52.9
      Elf:1 |   26746 |    6621 |  19.8 |      41 |      12 |  22.6
      Elf:2 |   12323 |    1662 |  11.9 |      19 |       2 |   9.5
      Elf:3 |    9535 |   36300 |  79.2 |      16 |      33 |  67.3
   Vaults:1 |   39522 |   30457 |  43.5 |      55 |      41 |  42.7
   Vaults:2 |    8578 |   29491 |  77.5 |      10 |      36 |  78.3
   Vaults:3 |   15728 |    4406 |  21.9 |      25 |       5 |  16.7
   Vaults:4 |   18815 |   48622 |  72.1 |      28 |      56 |  66.7
   Vaults:5 |   23560 |   93854 |  79.9 |      29 |      83 |  74.1
   Depths:1 |   32204 |       0 |   0.0 |      37 |       0 |   0.0
   Depths:2 |   28964 |   32765 |  53.1 |      34 |      23 |  40.4
   Depths:3 |    5568 |    4818 |  46.4 |       7 |       6 |  46.2
    Abyss:2 |   17650 |       0 |   0.0 |      34 |       0 |   0.0
    Abyss:3 |   22403 |    5170 |  18.8 |      51 |       6 |  10.5
     WizLab |       0 |   14712 | 100.0 |       0 |      18 | 100.0
   Gauntlet |       0 |    2160 | 100.0 |       0 |       6 | 100.0
            +---------+---------+-------+---------+---------+-------
